 Dungeon Crawl Stone Soup version 0.29-a0-669-gc25378c (webtiles) character file.

Game seed: 10555454899867613783

5294 Dawnplanks the Grappler (level 10, -12/75 HPs)
             Began as a Troll Fighter on June 23, 2022.
             Was an Initiate of Gozag.
             Killed from afar by a raiju (19 damage)
             ... with a living lightning
             ... on level 3 of the Abyss.
             The game lasted 00:12:32 (6636 turns).

Dawnplanks the Grappler (Troll Fighter)             Turns: 6636, Time: 00:12:32

Health: -12/75     AC:  7    Str: 30      XL:     10   Next: 37%
Magic:  9/9        EV:  8    Int: -1 (0)  God:    Gozag
Gold:   1050       SH: 12    Dex:  2 (5)  Spells: 9/9 levels left

rFire   + . .      SeeInvis .     - Unarmed
rCold   . . .      Faith    .   b - +0 kite shield
rNeg    . . .      Spirit   .   n - +0 robe {rF+}
rPois   .          Reflect  +   (helmet restricted)
rElec   .          Harm     .   p - +2 cloak
rCorr   .          Rampage  .   (gloves unavailable)
Will    +....                   (boots unavailable)
Stlth   +.........              i - amulet of reflection
HPRegen 1.02/turn               a - ring of willpower
MPRegen 0.11/turn               (no ring)

@: slowed, lost intelligence, unable to read, very slow
A: large, unfitting armour, claws 3, regeneration 1, shaggy fur 1, tough skin 1,
[clumsy 2], [deterioration 2], [dopey 2], [frail 2], [no potion heal 2],
[inability to read while threatened]
a: Renounce Religion, Potion Petition, Call Merchant, Bribe Branch


You were on level 3 of the Abyss.
You worshipped Gozag.
Gozag was most pleased with you.
You visited 2 branches of the dungeon, and saw 11 of its levels.
You visited the Abyss 1 time.

You collected 1182 gold pieces.
You paid 132 gold pieces to Gozag.

Inventory:

Hand Weapons
 H - a +3 flail of freezing
Missiles
 g - a throwing net
 o - 14 poisoned darts (quivered)
 F - a curare-tipped dart
 G - 3 javelins
Armour
 b - a +0 kite shield (worn)
 n - a +0 robe of fire resistance (worn)
 p - a +2 cloak (worn)
 L - a scarf of harm
Jewellery
 a - a ring of willpower (left claw)
 f - an amulet of regeneration
 i - an amulet of reflection (around neck)
 s - an amulet of magic regeneration
Wands
 q - a wand of flame (13)
 t - a wand of iceblast (12)
 D - a wand of polymorph (6)
 E - a wand of digging (2)
Scrolls
 d - 2 scrolls of magic mapping {unknown}
 e - 6 scrolls of teleportation
 r - 2 scrolls of vulnerability {unknown}
 u - a scroll of silence {unknown}
 v - 4 scrolls of enchant weapon {unknown}
 w - 3 scrolls of amnesia {unknown}
 y - a scroll of noise {unknown}
 z - a scroll of enchant armour {unknown}
 C - a scroll of acquirement {unknown}
 J - 2 scrolls of poison {unknown}
 K - a scroll of torment {unknown}
Potions
 c - a potion of might
 h - a potion of berserk rage
 j - 2 potions of flight
 k - 3 potions of lignification
 l - 2 potions of heal wounds
 m - 3 potions of curing
 x - 4 potions of ambrosia
 A - a potion of attraction
 B - a potion of resistance
 I - a potion of brilliance {unknown}


   Skills:
 + Level 4.4 Fighting
 + Level 6.3 Dodging
 - Level 0.1 Stealth
 + Level 7.6 Shields
 + Level 10.7 Unarmed Combat


You had 9 spell levels left.
You didn't know any spells.
Your spell library contained the following spells:

 Spells                   Type           Power      Damage    Failure   Level
 Foxfire                  Conj/Fire      0%         2x1d4     83%         1
 Magic Dart               Conj           0%         1d3       83%         1
 Call Imp                 Summ           0%         N/A       92%         2
 Searing Ray              Conj           0%         2d4       92%         2
 Conjure Flame            Conj/Fire      0%         6-21      99%         3
 Inner Flame              Hex/Fire       0%         N/A       99%         3
 Mephitic Cloud           Conj/Pois/Air  0%         N/A       99%         3
 Cause Fear               Hex            0%         N/A       100%        4
 Flame Wave               Conj/Fire      0%         2d4       100%        4
 Fulminant Prism          Conj/Hex       0%         3d6       100%        4
 Discord                  Hex            0%         N/A       100%        8
 Chain Lightning          Conj/Air       0%         N/A       100%        9
 Fire Storm               Conj/Fire      0%         5d1       100%        9
 Shatter                  Erth           0%         3d5*      100%        9


Dungeon Overview and Level Annotations

Branches:
Dungeon (10/15)            Temple (1/1) D:7            Lair (0/6) D:10
    Orc: D:9-12

Altars:
Ashenzari
Cheibriados
Dithmenos
Elyvilon
Fedhas
Gozag
Hepliaklqana
Makhleb
Nemelex Xobeh
Okawaru
Qazlal
Ru
Sif Muna
Trog
Uskayaw
Vehumet
Wu Jian
Xom
Yredelemnul
Zin
The Shining One

Annotations:
D:7 3 runed translucent doors, Cryingnoob's ghost, novice MeHW; Dega's ghost, novice SpHu; Radamante's ghost, novice TrFi
D:9 3 runed translucent doors, Radamante's ghost, novice DsAK


Innate Abilities, Weirdness & Mutations

You are too large for most types of armour.
You have claws for hands.
Your natural rate of healing is unusually fast.
You are covered in fur. (AC +1)
You have tough skin. (AC +1)
[You are very clumsy. (Dex -4)]
[Your body often deteriorates upon taking damage.]
[You are very dopey. (Int -4)]
[You are very frail. (-20% HP)]
[Potions cannot restore your health.]
[You sometimes lose the ability to read scrolls when taking damage.]


Message History

You feel stupid. x2
You have lost your intelligence.
You feel yourself wasting away.
You feel your body start to fall apart.
You can move again.
The wretched star pulses with an eldritch light!
You lose the ability to read scrolls when threatened.
You feel frail. x2
The wretched star pulses with an eldritch light!
Your system partially rejects the healing effects of potions.
Your system completely rejects the healing effects of potions.
The wretched star pulses with an eldritch light!
You feel clumsy. x2
The wretched star glows turbulently.
The lance of force hits you!
You are knocked back by the lance of force.
You slam into the stone wall!
You feel threatened and lose the ability to read scrolls!
Your body deteriorates!
You feel clumsy.
The wretched star glows turbulently.
The lance of force reflects off an invisible shield around you!
The lance of force hits the wretched star!!
The wretched star is knocked back by the lance of force.
A raiju comes into view.
The raiju barks!
The wretched star glows turbulently.
The lance of force hits you!!
Your body deteriorates!
You feel clumsy.
You are knocked back by the lance of force.
You slam into the crystal wall!
* * * LOW HITPOINT WARNING * * *
Your body deteriorates!
You feel clumsy.
The raiju bursts into living lightning!
The living lightning hits you!!
* * * LOW HITPOINT WARNING * * *
Your body deteriorates!
You feel dopey.
The raiju blinks!
The raiju bursts into living lightning!
The living lightning hits you!!
You die...
Your body crumbles into a pile of gold.

. .. #..#
....######
##.
#......##....
#...#....#
#..@.#
##...##
.....#...#
###.###.#..#
#.# #.h...#
#.# ..######
.## # . #. #.


You could see a raiju.

Vanquished Creatures
  A komodo dragon (D:9)
  A troll (D:9)
  Sigmund (D:2)
  Eustachio (D:6)
  5 yaks (D:9)
  Menkaure (D:5)
  3 steam dragons
  The ghost of SuisLittleHoshiymin the Insei, an amateur OpTm (D:4)
  3 orc warriors
  2 sky beasts
  3 ice beasts
  A black bear (D:6)
  2 ogres
  A centaur (D:3)
  3 kobold brigands
  2 gnoll sergeants
  A bullfrog (D:8)
  3 scorpions (D:5)
  3 necrophages
  5 wights
  6 howler monkeys
  A jelly (D:4)
  Crazy Yiuf (D:3)
  A gnoll shaman (D:5)
  2 orc priests (D:9)
  2 iguanas
  7 orc wizards
  Natasha (D:3)
  Ijyb (D:3)
  18 gnolls
  15 adders
  4 white imps
  2 ufetubi
  A worm (D:2)
  3 dart slugs
  25 orcs
  4 bats
  6 endoplasms
  6 giant cockroaches
  5 goblins
  8 hobgoblins
  14 kobolds
  4 quokkas
  5 ball pythons
  2 frilled lizards
  2 goblin skeletons (D:3)
  A goblin zombie (D:3)
  6 hobgoblin zombies (D:3)
  A kobold zombie (D:3)
  An orc zombie (D:3)
  4 rats
202 creatures vanquished.

Vanquished Creatures (others)
  4 withered plants (D:7)
4 creatures vanquished.

Grand Total: 206 creatures vanquished

Notes
Turn   | Place    | Note
-------+----------+-------------------------------------------
     0 | D:1      | Dawnplanks the Troll Fighter began the quest for the Orb.
     0 | D:1      | Reached XP level 1. HP: 22/22 MP: 0/0
    83 | D:1      | Found a faded altar of an unknown god.
   280 | D:1      | Reached XP level 2. HP: 29/29 MP: 1/1
   664 | D:2      | Noticed Sigmund
   692 | D:2      | HP: 1/29 [Sigmund/+0 scythe (9)]
   694 | D:2      | Killed Sigmund
   695 | D:2      | Reached skill level 3 in Unarmed Combat
   695 | D:2      | Reached XP level 3. HP: 4/37 MP: 2/2
   695 | D:2      | Reached XP level 4. HP: 6/45 MP: 3/3
   695 | D:2      | Reached XP level 5. HP: 7/53 MP: 4/4
   886 | D:2      | Found a hide-covered altar of Uskayaw.
  1148 | D:3      | Found a glowing golden altar of the Shining One.
  1179 | D:3      | Identified the +4 scale mail of the Original Sin {rCorr}
  1200 | D:3      | Noticed an ogre
  1210 | D:3      | Killed an ogre
  1211 | D:3      | Reached skill level 4 in Unarmed Combat
  1211 | D:3      | Reached XP level 6. HP: 39/61 MP: 5/5
  1386 | D:3      | Found a runed translucent door.
  1387 | D:3      | Noticed Crazy Yiuf
  1421 | D:3      | Killed Crazy Yiuf
  1681 | D:3      | Found a hide-covered altar of Uskayaw.
  1921 | D:3      | Noticed Ijyb
  1931 | D:3      | Killed Ijyb
  2180 | D:3      | Noticed Natasha
  2187 | D:3      | Killed Natasha
  2188 | D:3      | Reached skill level 5 in Unarmed Combat
  2188 | D:3      | Reached XP level 7. HP: 67/67 MP: 6/6
  2680 | D:4      | Found a runed translucent door.
  2682 | D:4      | Noticed SuisLittleHoshiymin's ghost (amateur OpTm)
  2714 | D:4      | Killed SuisLittleHoshiymin's ghost
  2715 | D:4      | Reached skill level 6 in Unarmed Combat
  2877 | D:4      | Noticed a steam dragon
  2880 | D:4      | Killed a steam dragon
  3005 | D:5      | Entered Level 5 of the Dungeon
  3024 | D:5      | Noticed Menkaure
  3030 | D:5      | Killed Menkaure
  3031 | D:5      | Reached skill level 7 in Unarmed Combat
  3031 | D:5      | Reached XP level 8. HP: 56/75 MP: 7/7
  3254 | D:5      | Reached skill level 5 in Shields
  3599 | D:6      | Noticed Eustachio
  3614 | D:6      | Killed Eustachio
  3615 | D:6      | Reached skill level 8 in Unarmed Combat
  3787 | D:6      | Found an ornate altar of the Wu Jian Council.
  3790 | D:6      | Found an opulent altar of Gozag.
  3790 | D:6      | Found an opulent altar of Gozag.
  3792 | D:6      | Found a bloodstained altar of Trog.
  3792 | D:6      | Found a glowing golden altar of the Shining One.
  3792 | D:6      | Found a shimmering altar of Xom.
  3872 | D:6      | Reached skill level 5 in Dodging
  3872 | D:6      | Reached XP level 9. HP: 84/84 MP: 8/8
  4077 | D:7      | Found a staircase to the Ecumenical Temple.
  4086 | Temple   | Entered the Ecumenical Temple
  4097 | Temple   | Became a worshipper of Gozag Ym Sagoz the Greedy
  4504 | D:7      | Found a runed translucent gate.
  4504 | D:7      | Found a runed translucent gate.
  4505 | D:7      | Found a runed translucent gate.
  4506 | D:7      | Noticed Radamante's ghost (novice TrFi)
  4506 | D:7      | Noticed Dega's ghost (novice SpHu)
  4506 | D:7      | Noticed Cryingnoob's ghost (novice MeHW)
  4885 | D:8      | Reached skill level 9 in Unarmed Combat
  5476 | D:9      | Noticed a troll
  5502 | D:9      | Killed a troll
  5503 | D:9      | Reached skill level 10 in Unarmed Combat
  5503 | D:9      | Reached XP level 10. HP: 77/93 MP: 9/9
  5658 | D:9      | Found a runed translucent gate.
  5658 | D:9      | Found a runed translucent gate.
  5680 | D:9      | Found a radiant altar of Vehumet.
  5796 | D:9      | Found a hazy altar of Hepliaklqana.
  5826 | D:9      | Found a runed translucent gate.
  6063 | D:9      | Noticed Radamante's ghost (novice DsAK)
  6107 | D:10     | Entered Level 10 of the Dungeon
  6149 | D:10     | Found a glowing silver altar of Zin.
  6362 | D:10     | Noticed a cyclops
  6492 | D:10     | Found a staircase to the Lair.
  6508 | D:10     | Noticed a wizard
  6508 | D:10     | Cast into level 3 of the Abyss (a wizard)
  6508 | Abyss:3  | Found a corrupted altar of Lugonu.
  6609 | Abyss:3  | Noticed a bone dragon
  6622 | Abyss:3  | Noticed a wretched star
  6625 | Abyss:3  | Lost intelligence.
  6636 | Abyss:3  | Killed from afar by a raiju

Illustrated notes

Levels and vault maps discovered:
D:1:      elethiomel_arrival_maze, layout_basic,
          shapermc_ecumenical_altar_starsandcircs
D:2:      layout_rooms, basic_altar, minmay_tetromino_t2, uniq_sigmund
D:3:      layout_basic, lemuel_coloured_pillars_altar,
          nicolae_tso_besieged_by_evil, chequers_arboretum, dk_noncrumbling_3,
          hex_medium, roderic_lattice_a, grunt_ministairs_15, uniq_ijyb,
          uniq_crazy_yiuf_cottage, uniq_natasha
D:4:      layout_cave_pods, gammafunk_ghost_grave, serial_park_tiny_pond
D:5:      layout_basic, uniq_menkaure
D:6:      layout_rooms, doesnt_xom_only_xom, uniq_eustachio
D:7:      layout_loops_ring, minmay_temple_entry_slanted,
          gammafunk_ghost_cemetery
D:8:      layout_rooms
D:9:      layout_cave_pools, lemuel_round_altar, vehumet_altar_wand_db,
          gammafunk_ghost_spectres, dreamdust_deal_with_the_devil
D:10:     minmay_clustersquares, layout_loops_ring, lemuel_tele_altar,
          lemuel_round_altar, lair_entry_dummy, bh_hangedman_babel_library
Temple:   minmay_freezing_vapour_temple
Abyss:3:  base: D:1, evilmike_nicolae_abyss_rune_containment_curve,
          guppyfry_abyss_exit_glass_guarded, guppyfry_abyss_exit_glass_guarded

Skill      XL: |  1  2  3  4  5  6  7  8  9 |
---------------+----------------------------+-----
Fighting       | 3 4 |  4.4
Dodging        | 3 4 5 6 |  6.3
Shields        | 3 4 5 7 |  7.6
Unarmed Combat | 3 4 5 7 8 10 | 10.7
Stealth        | |  0.1

Action                   |  1- 3 |  4- 6 |  7- 9 | 10-12 || total
-------------------------+-------+-------+-------+-------++-------
Melee: Unarmed           |    72 |   118 |   359 |   106 ||   655
  Use: Scroll            |       |       |     5 |     4 ||     9
 Stab: Distracted        |       |     1 |     1 |     1 ||     3
Armor: Robe              |    12 |    16 |    97 |    11 ||   136
Dodge: Dodged            |    24 |    22 |    96 |    23 ||   165
Block: Kite shield       |    39 |    49 |   244 |    48 ||   380
       Reflection        |       |     5 |     2 |     3 ||    10

Table legend: (Time is in decaauts)
 A = Elapsed time spent in this place.
 B = Non-inter-level travel time spent in this place.
 C = Inter-level travel time spent in this place.
 D = Time resting spent in this place.
 E = Time spent auto-exploring this place.
 F = Levels seen in this place.
 G = Mean time per level.
                   A        B        C        D        E       F      G
               +--------+--------+--------+--------+--------+-----+--------+
         Total |   6634 |   6312 |    322 |     70 |   4801 |  12 |  552.8 |
       Dungeon |   6485 |   6175 |    310 |     15 |   4801 |  10 |  648.5 |
        Temple |     16 |      4 |     12 |      0 |      0 |   1 |   16.0 |
         Abyss |    132 |    132 |      0 |     55 |      0 |   1 |  132.0 |
               +--------+--------+--------+--------+--------+-----+--------+

Top non-repeatable levels by time:
     D:3: 1160 daAuts
     D:9: 781 daAuts
     D:7: 737 daAuts
     D:4: 722 daAuts
     D:1: 616 daAuts
     D:6: 592 daAuts
     D:2: 520 daAuts
     D:8: 490 daAuts
     D:5: 466 daAuts
    D:10: 396 daAuts
 Abyss:3: 132 daAuts
  Temple: 16 daAuts
